 Dungeon Crawl Stone Soup version 0.23.0 (webtiles) character file.

Game seed: 10263969898507931706

112 dengdeng the Slasher (level 4, 0/41 HPs)
             Began as a Minotaur Berserker on Feb 14, 2019.
             Was a Believer of Trog.
             Slain by Grinder (1 damage)
             ... on level 3 of the Dungeon.
             The game lasted 00:05:53 (1860 turns).

dengdeng the Slasher (Minotaur Berserker)           Turns: 1860, Time: 00:05:54

Health: 0/41       AC:  9    Str: 22    XL:     4   Next: 64%
Magic:  3/3        EV:  8    Int:  4    God:    Trog [**....]
Gold:   143        SH:  0    Dex: 10    Spells: 3/3 levels left

rFire    . . .     SeeInvis .   a - +0 falchion
rCold    . . .     Gourm    .   (no shield)
rNeg     . . .     Faith    .   m - -2 chain mail (curse)
rPois    .         Spirit   .   (helmet restricted)
rElec    .         Reflect  .   q - +0 cloak
rCorr    .         Harm     .   g - +0 pair of gloves
MR       .....                  (no boots)
Stlth    ..........             (no amulet)
HPRegen  0.13/turn              (no ring)
MPRegen  0.08/turn              (no ring)

@: berserk cooldown, slowed, very slow
A: retaliatory headbutt, horns 2
a: Berserk, Trog's Hand, Renounce Religion


You were on level 3 of the Dungeon.
You worshipped Trog.
Trog was pleased with you.
You were very hungry.

You visited 1 branch of the dungeon, and saw 3 of its levels.

You collected 143 gold pieces.

Inventory:

Hand Weapons
 a - a +0 falchion (weapon)
Missiles
 d - 3 tomahawks
 f - 38 stones (quivered)
Armour
 g - a +0 pair of gloves (worn)
 m - a cursed -2 chain mail (worn)
 q - a +0 cloak (worn)
Jewellery
 s - an uncursed ring of magical power {unknown}
Scrolls
 e - a scroll of fog {unknown}
 j - a scroll of teleportation {unknown}
 k - 2 scrolls of amnesia {unknown}
 o - 2 scrolls of identify {unknown}
 r - a scroll of immolation {unknown}
Potions
 b - a potion of mutation {unknown}
 h - 2 potions of curing {unknown}
 i - 2 potions of degeneration {unknown}
 n - a potion of agility {unknown}
 p - a potion of lignification {unknown}
Comestibles
 c - 5 rations
 l - 4 chunks of flesh


   Skills:
 + Level 4.7 Fighting
 * Level 5.2 Long Blades
 + Level 3.1 Armour
 + Level 2.6 Dodging


You had 3 spell levels left.
You didn't know any spells.
Your spell library was empty.

Dungeon Overview and Level Annotations

Branches:
Dungeon (3/15)

Altars:
Okawaru

Annotations:
D:3 Grinder


Innate Abilities, Weirdness & Mutations

You reflexively headbutt those who attack you in melee.
You have a pair of horns on your head.


Message History

You closely miss something. Something hits you.
* * * LOW HITPOINT WARNING * * *
You writhe in agony.
* * * LOW HITPOINT WARNING * * *
Unknown command.
A red film seems to cover your vision as you go berserk!
You feel yourself moving faster!
You feel mighty!
You are feeling hungry.
Something hits you but does no damage.
You miss something. Your headbutt misses something.
You feel a strong urge to attack something.
You are feeling very hungry.
Pain shoots through your body!
* * * LOW HITPOINT WARNING * * *
You feel your anger nearly subside.
You are no longer berserk.
You are exhausted.
You feel yourself slow down.
You miss something. Your headbutt misses something.
Something hits you but does no damage. Something hits you.
You die...

##### ###### #....##
#########....## .....
............... ...
...#####....)##
#.##...#####.....#. ..
#.@#...#........... ..#
##.#...#.###.####..
.... #..# #...........
....###.########.###...
.......................
........#######..###...
........##.......##....
........##.####..##....
.........#.# #..#<....


There were no monsters in sight!

Vanquished Creatures
  Crazy Yiuf (D:2)
  2 adders (D:2)
  2 oozes
  2 worms (D:2)
  A dart slug (D:1)
  2 leopard geckos
  3 ball pythons (D:2)
  6 bats
  4 giant cockroaches
  5 goblins
  6 hobgoblins
  2 jackals (D:1)
  A quokka (D:2)
  A frilled lizard (D:1)
  6 kobolds
  A fungus (D:2)
45 creatures vanquished.

Notes
Turn   | Place    | Note
-------+----------+-------------------------------------------
     0 | D:1      | dengdeng the Minotaur Berserker began the quest for the
                  | Orb.
     0 | D:1      | Reached XP level 1. HP: 19/19 MP: 0/0
    16 | D:1      | Reached skill level 4 in Long Blades
    19 | D:1      | Reached XP level 2. HP: 9/27 MP: 1/1
   820 | D:1      | Reached XP level 3. HP: 33/33 MP: 2/2
  1136 | D:2      | Reached ** piety under Trog
  1292 | D:2      | Found an iron altar of Okawaru.
  1500 | D:2      | Reached XP level 4. HP: 39/41 MP: 3/3
  1702 | D:2      | Found a runed translucent door.
  1703 | D:2      | Noticed Crazy Yiuf
  1711 | D:2      | Killed Crazy Yiuf
  1711 | D:2      | Reached skill level 5 in Long Blades
  1844 | D:3      | Noticed Grinder
  1858 | D:3      | HP: 1/61 [something/nerve-wracking pain (11)]
  1860 | D:3      | Slain by Grinder

Skill      XL: |  1  2  3  4 |
---------------+-------------+-----
Long Blades    | 4 5 |  5.2
Fighting       | 4 |  4.7
Armour         | 3 |  3.1
Dodging        | |  2.6

Action                   |  1- 3 |  4- 6 || total
-------------------------+-------+-------++-------
Melee: Falchion          |    60 |    36 ||    96
       Headbutt          |    12 |     4 ||    16
Invok: Berserk           |       |     1 ||     1
  Eat: Chunk             |     2 |     1 ||     3
Armor: Animal skin       |     6 |       ||     6
       Chain mail        |    11 |     9 ||    20
Dodge: Dodged            |    44 |     6 ||    50
       Rpst.: Falchion   |     7 |     2 ||     9
